 Dungeon Crawl Stone Soup version 0.28.0-1-gb440e238dd (webtiles) character file.

Game seed: 13424750059540622384

0 kittymaster the Conjurer (level 1, -2/7 HPs)
             Began as a Felid Conjurer on Feb 22, 2022.
             Slain by a gnoll (8 damage)
             ... on level 1 of the Dungeon.
             The game lasted 00:00:50 (59 turns).

kittymaster the Conjurer (Felid Conjurer)             Turns: 59, Time: 00:00:51

Health: -2/7       AC:  1    Str:  3    XL:     1   Next: 8%
Magic:  4/4        EV: 17    Int: 19    God:
Gold:   0          SH:  0    Dex: 14    Spells: 3/4 levels left
                                        Lives:  0   Deaths: 0

rFire   . . .      SeeInvis +   (weapon unavailable)
rCold   . . .      Faith    .   (shield unavailable)
rNeg    . . .      Spirit   .   (armour unavailable)
rPois   .          Reflect  .   (helmet unavailable)
rElec   .          Harm     .   (cloak unavailable)
rCorr   .          Rampage  .   (gloves unavailable)
Will    .....                   (boots unavailable)
Stlth   ++........              (no amulet)
HPRegen 0.02/turn               (no ring)
MPRegen 0.09/turn               (no ring)

@: quick
A: very small, claws 1, fangs 3, see invisible, speed 1, shaggy fur 1, stealthy
paws, no weapons or thrown items, no armour, multi-lived
a: no special abilities


You were on level 1 of the Dungeon.
You visited 1 branch of the dungeon, and saw 1 of its levels.

You aren't carrying anything.


   Skills:
 + Level 2.6 Dodging
 + Level 2.6 Stealth
 + Level 2.0 Spellcasting
 + Level 3.6 Conjurations


You had 3 spell levels left.
You knew the following spells:

 Your Spells              Type           Power      Damage    Failure   Level
a - Magic Dart            Conj           60%        1d6       3%          1

Your spell library contained the following spells:

 Spells                   Type           Power      Damage    Failure   Level
 Searing Ray              Conj           30%        2d5       6%          2
 Dazzling Flash           Conj/Hex       16%        N/A       24%         3
 Fulminant Prism          Conj/Hex       4%         3d6       63%         4
 Iskenderun's Mystic Bla  Conj/Tloc      8%         2d4       63%         4


Dungeon Overview and Level Annotations

Branches:
Dungeon (1/15)

Altars:


Innate Abilities, Weirdness & Mutations

You have sharp claws.
You have razor-sharp teeth.
You have supernaturally acute eyesight. (SInv)
You cover ground quickly. (Speed+)
You are covered in fur. (AC +1)
Your paws help you pounce on unaware monsters.
You are incapable of wielding weapons or throwing items.
You cannot wear armour.
You gain extra lives every three experience levels.


Message History

Welcome, kittymaster the Felid Conjurer.
Below lies the Orb of Zot, rumoured to be powerful enough to resurrect a god...
Press ? for a list of commands and other information.
Found a staircase leading out of the dungeon.
You aren't carrying any potions.
You aren't carrying any potions.
Sorry, you're not good enough to have a special ability.
Casting: Magic Dart (safe; 3% risk of failure)
Confirm with . or Enter, or press ? or * to list all spells.
You don't know that spell.
Sorry, I don't know how to get there.
Sorry, I don't know how to get there.
You open the gate.
There is an open gate here.
A frilled lizard comes into view.
A rat comes into view.
A gnoll and a bat come into view.
The gnoll shouts!
The frilled lizard hisses angrily.
The frilled lizard closely misses you.
You closely miss the frilled lizard. The bat misses you.
A ball python comes into view.
The frilled lizard bites you.
The ball python hisses angrily.
You scratch the frilled lizard.
The frilled lizard is heavily wounded.
The bat barely misses you.
The frilled lizard completely misses you.
You scratch the frilled lizard.
You kill the frilled lizard!
The bat completely misses you. The bat barely misses you.
The gnoll hits you with a +0 club!
Ouch! That really hurt!
You die...

# #.#.# #
#.##.#.####.#
#...........##
####...###...+
#..........
#.......... #.
##..........
#..###.....###...
#...@b...## ..
##..g...r.... .
##...........
.............
.S..##.######.
...... ##. .....#
#. ..... #.


You could see a gnoll, a bat, a ball python and a rat.

Vanquished Creatures
  A frilled lizard (D:1)
1 creature vanquished.

Notes
Turn   | Place    | Note
-------+----------+-------------------------------------------
     0 | D:1      | kittymaster the Felid Conjurer began the quest for the Orb.
     0 | D:1      | Reached XP level 1. HP: 7/7 MP: 4/4
    59 | D:1      | Slain by a gnoll

Illustrated notes

Levels and vault maps discovered:
D:1:      wander_arrival_estate, layout_basic, minmay_parallelograms

Action                   || total
-------------------------++-------
Melee: Unarmed           ||     3
Dodge: Dodged            ||     6
